 Dungeon Crawl Stone Soup version 0.29-a0-350-g7790a0e70a (webtiles) character file.

Game seed: 8723650943501933108

37 spaghetti the Poker (level 3, 35/35 HPs)
             Began as a Gnoll Chaos Knight on Apr 22, 2022.
             Was a Plaything of Xom.
             Quit the game on level 1 of the Dungeon.
             The game lasted 00:01:14 (621 turns).

spaghetti the Poker (Gnoll Chaos Knight)             Turns: 621, Time: 00:01:14

Health: 35/35      AC:  8    Str: 11    XL:     3   Next: 39%
Magic:  4/4        EV: 12    Int: 13    God:    Xom [..*...]
Gold:   37         SH:  0    Dex: 11    Spells: 3/3 levels left

rFire   . . .      SeeInvis .   a - +0 spear (chaos) {polearm}
rCold   . . .      Faith    .   (no shield)
rNeg    . . .      Spirit   .   b - +2 leather armour
rPois   .          Reflect  .   (no helmet)
rElec   .          Harm     .   i - +0 cloak
rCorr   .          Rampage  .   f - +0 pair of gloves
Will    .....                   (no boots)
Stlth   +.........              (no amulet)
HPRegen 0.11/turn               (no ring)
MPRegen 0.09/turn               (no ring)

@: no status effects
A: fangs 1, strong nose, distributed training
a: Renounce Religion


You were on level 1 of the Dungeon.
You worshipped Xom.
You were a toy of Xom.
You visited 1 branch of the dungeon, and saw 1 of its levels.

You collected 37 gold pieces.


Innate Abilities, Weirdness & Mutations

You have very sharp teeth.
Your uncanny sense of smell can sniff out nearby items.
Your experience applies equally to all skills.


   Skills:
 + Level 6.5 Fighting
 + Level 0.7 Short Blades
 + Level 0.7 Long Blades
 + Level 0.7 Axes
 + Level 0.7 Maces & Flails
 + Level 6.5 Polearms
 + Level 0.7 Staves
 + Level 0.7 Slings
 + Level 0.7 Bows
 + Level 0.7 Crossbows
 + Level 0.7 Throwing
 + Level 4.5 Armour
 + Level 2.6 Dodging
 + Level 0.7 Stealth
 + Level 0.7 Shields
 + Level 0.7 Unarmed Combat
 + Level 0.7 Spellcasting
 + Level 0.5 Conjurations
 + Level 0.5 Hexes
 + Level 0.5 Summonings
 + Level 0.5 Necromancy
 + Level 0.5 Translocations
 + Level 0.5 Transmutations
 + Level 0.5 Fire Magic
 + Level 0.5 Ice Magic
 + Level 0.5 Air Magic
 + Level 0.5 Earth Magic
 + Level 0.5 Poison Magic
 + Level 0.9 Invocations
 + Level 0.7 Evocations


You had 3 spell levels left.
You didn't know any spells.
Your spell library was empty.

Inventory:

Hand Weapons
 a - a +0 spear of chaos (weapon) {polearm}
Missiles
 d - 38 stones (quivered) {throwing}
Armour
 b - a +2 leather armour (worn)
 f - a +0 pair of gloves (worn)
   (You found it on level 1 of the Dungeon)
 g - a +0 plate armour
   (You found it on level 1 of the Dungeon)
 i - a +0 cloak (worn)
   (You found it on level 1 of the Dungeon)
Scrolls
 e - a scroll of summoning {unknown}
 h - a scroll of blinking {unknown}
 j - a scroll of enchant armour {unknown}
 k - a scroll of magic mapping {unknown}
Potions
 l - a potion of heal wounds {unknown}
Miscellaneous
 c - a piece from Xom's chessboard (15/15)

Dungeon Overview and Level Annotations

Branches:
Dungeon (1/15)

Altars:

#...#.....#.........
#...#.###.#.........
#...#.###.##.#......
#####.....##.#......
###########.#######
#>................#
#. ######.......#.#
#.##...##.......#..
#.@................
####...##.......##.
#...##.......##.
#...##..........
#...##..........
#...##..........
#...#######...##
#...# #... #...# #


There were no monsters in sight!


Message History

Your bite misses the giant cockroach.
Your bat hits the giant cockroach but does no damage.
The goblin closely misses your bat. The giant cockroach closely misses you.
You hit the giant cockroach but do no damage.
Your bite misses the giant cockroach.
Your bat barely misses the giant cockroach.
The giant cockroach closely misses you.
You hit the giant cockroach.
You kill the giant cockroach!
Your bat closely misses the goblin.
The goblin barely misses your bat.
You reach to attack!
You hit the goblin. You freeze the goblin. Your bat misses the goblin.
You reach to attack!
You miss the goblin. Your bat misses the goblin. You closely miss the goblin.
You bite the goblin.
You kill the goblin!
No target in view!
No target in view!
No target in view!
No target in view!
No target in view!
No target in view!
No target in view!
No target in view!
No target in view!
No target in view!
No target in view!
No target in view!
No target in view!
No target in view!
No target in view!
No target in view!
No target in view!
A jackal comes into view. 😎 MP[+1]
Your mp is fully restored (4).
A jackal is nearby!
A jackal is nearby!
A jackal is nearby!
A jackal is nearby!
Unknown command.
Your bat hits the jackal.
Things that are here:
a +0 dagger {short}; a +0 club {mace}; a giant cockroach corpse You closely miss the jackal.
Your bite misses the jackal.
Your bat closely misses the jackal.
The jackal closely misses you.
You hit the jackal but do no damage.
The jackal bites you but does no damage.
Your bat barely misses the jackal.
You closely miss the jackal. Your bat misses the jackal.
The jackal bites you but does no damage.
You hit the jackal but do no damage. Lightning courses through the jackal!
You kill the jackal!
No target in view!
No target in view!
No target in view!
No target in view!
No target in view!
No target in view!
No target in view!
No target in view!
No target in view!
No target in view!
No target in view!
No target in view!
No target in view!
No target in view!
k - a scroll labelled UPLOCE ZESECAN You now have 37 gold pieces (gained 8).
You see here a +0 dagger {short}.
Key pressed, stopping explore.
You swap places.
Your bat disappears in a puff of smoke!
Key pressed, stopping explore.
You see here a +0 mace {mace}.
A hobgoblin comes into view.
You reach to attack!
You hit the hobgoblin. You hit the hobgoblin but do no damage.
The hobgoblin hits you but does no damage.
You hit the hobgoblin.
You kill the hobgoblin!
No target in view!
No target in view!
No target in view!
No target in view!
No target in view!
No target in view!
No target in view!
No target in view!
No target in view!
No target in view!
No target in view!
No target in view!
No target in view!
Things that are here:
a +0 robe; a hobgoblin corpse Key pressed, stopping explore.
d - 38 stones {throwing} (gained 20)
l - a golden potion
Found a stone staircase leading down.
Are you sure you want to abandon this character and quit the game? (Confirm with "yes".)

Action                   || total
-------------------------++-------
Melee: Spear             ||    63
       Bite              ||     3
       Punch             ||     1
Throw: Stone             ||     8
Armor: Leather armour    ||    11
Dodge: Dodged            ||    22

Levels and vault maps discovered:
D:1:      zaba_arrival_water, layout_basic, minmay_cupped

Notes
Turn   | Place    | Note
-------+----------+-------------------------------------------
     0 | D:1      | spaghetti the Gnoll Chaos Knight began the quest for the
                  | Orb.
     0 | D:1      | Reached XP level 1. HP: 23/23 MP: 1/1
     0 | D:1      | magus.rc [v1.9.6]
    64 | D:1      | Reached XP level 2. HP: 29/29 MP: 2/2
   237 | D:1      | XOM: silly message
   279 | D:1      | Reached XP level 3. HP: 35/35 MP: 3/3
   435 | D:1      | XOM: cast spell 'Summon Small Mammal'
   436 | D:1      | XOM: noise
   621 | D:1      | Quit the game

Vanquished Creatures
  A gnoll (D:1)
  5 ball pythons (D:1)
  A bat (D:1)
  2 endoplasms (D:1)
  2 giant cockroaches (D:1)
  2 goblins (D:1)
  3 hobgoblins (D:1)
  A jackal (D:1)
  A frilled lizard (D:1)
  6 kobolds (D:1)
  A rat (D:1)
25 creatures vanquished.

Table legend:
 A = Non-vault XP
 B = Vault XP
 C = Vault XP percentage of total XP
 D = Non-vault monster count
 E = Vault monster count
 F = Vault count percentage of total count
                 A         B        C        D         E       F
            +---------+---------+-------+---------+---------+-------
      Total |      46 |       7 |  13.2 |      21 |       4 |  16.0
            +---------+---------+-------+---------+---------+-------
        D:1 |      46 |       7 |  13.2 |      21 |       4 |  16.0
            +---------+---------+-------+---------+---------+-------

Illustrated notes

Table legend:
 A = Kills in this place as a percentage of kills in entire the game.
 B = Kills by you in this place as a percentage of kills by you in the entire game.
 C = Kills by friends in this place as a percentage of kills by friends in the entire game.
 D = Other kills in this place as a percentage of other kills in the entire game.
 E = Experience gained in this place as a percentage of experience gained in the entire game.
 F = Experience gained in this place divided by the number of levels of this place that you have seen.
                   A       B       C       D       E      F
               +-------+-------+-------+-------+-------+----------------------
         Total | 100.0 | 100.0 |   N/A |   N/A | 100.0 |  53.0
       Dungeon | 100.0 | 100.0 |   N/A |   N/A | 100.0 |  53.0
               +-------+-------+-------+-------+-------+----------------------

Table legend: (Time is in decaauts)
 A = Elapsed time spent in this place.
 B = Non-inter-level travel time spent in this place.
 C = Inter-level travel time spent in this place.
 D = Time resting spent in this place.
 E = Time spent auto-exploring this place.
 F = Levels seen in this place.
 G = Mean time per level.
                   A        B        C        D        E       F      G
               +--------+--------+--------+--------+--------+-----+--------+
         Total |    613 |    572 |     41 |      0 |    443 |   1 |  613.0 |
       Dungeon |    613 |    572 |     41 |      0 |    443 |   1 |  613.0 |
               +--------+--------+--------+--------+--------+-----+--------+

Top non-repeatable levels by time:
     D:1: 613 daAuts
